 Dungeon Sprint DCSS version 0.15-a0-970-ga23ad50 (webtiles) character file.

894 MDvedh the Grappler (level 8, -2/60 HPs)
             Began as a Gargoyle Monk on May 23, 2014.
             Was an Elder of Vehumet.
             Slain by a centaur warrior (7 damage)
             ... in the Dungeon (Sprint IX: "|||||||||||||||||||||||||||||").
             The game lasted 00:04:06 (599 turns).

MDvedh the Grappler (Gargoyle Monk)                  Turns: 599, Time: 00:04:06

HP  -2/60        AC  9     Str 15      XL: 8   Next:  6%
MP  15/23        EV 12     Int 13      God: Vehumet [****..]
Gold 0           SH  0     Dex 12      Spells:  2 memorised, 19 levels left

rFire  . . .     SeeInvis .       - Unarmed
rCold  . . .     Clarity  .     a - +0 robe
rNeg   + . .     Conserve .     (no shield)
rPois  +         rCorr    .     (no helmet)
rElec  +         rRot     +     o - +0 cloak
SustAb .         Spirit   .     (no gloves)
rMut   .         Warding  .     n - +0 pair of boots
Gourm  .         NoTele   +     (no amulet)
MR     .....                    (no ring)
                                (no ring)

@: not resistant to hostile enchantments, unstealthy
A: life protection 1, electricity resistance, unbreathing, petrification
resistance, AC +5
a: Renounce Religion


You were in the Dungeon.
You worshipped Vehumet.
Vehumet was greatly pleased with you.
You were not hungry.

You visited 1 branch

Inventory:

Hand weapons
 r - the +2,+2 halberd "Pozeseij" {chop, rC++}
   (You found it in the Dungeon)

   It inflicts extra damage upon your enemies.
   It greatly protects you from cold.
Armour
 a - a +0 robe (worn)
 n - a +0 pair of boots (worn)
 o - a +0 cloak (worn)
 s - a +0 plate armour
Magical devices
 l - a wand of fire (7)
Comestibles
 b - a bread ration
Scrolls
 h - a scroll of blinking
 j - 3 scrolls of remove curse
 k - 2 scrolls of amnesia
Jewellery
 p - a +2 ring of protection
 q - a +2 ring of evasion
Potions
 c - 2 potions of curing
 f - 3 potions of magic
 i - a potion of invisibility
Magical staves
 m - an uncursed staff of energy


   Skills:
 + Level 11.9 Fighting
 - Level 2.4 Dodging
 - Level 2.1 Stealth
 + Level 12.2 Unarmed Combat
 + Level 7.3 Spellcasting


You had 19 spell levels left.
You knew the following spells:

 Your Spells              Type           Power        Failure   Level  Hunger
a - Shock                 Conj/Air       #...         4%          1    None
b - Freeze                Ice            #...         4%          1    None


Dungeon Overview and Level Annotations

Branches:
Dungeon (1/1)

Altars:
Cheibriados
Dithmenos
Elyvilon
Fedhas
Gozag
Kikubaaqudgha
Makhleb
Nemelex Xobeh
Okawaru
Qazlal
Sif Muna
Trog
Vehumet
Xom
Yredelemnul
Zin
The Shining One
Beogh
Jiyva
Lugonu


Innate Abilities, Weirdness & Mutations

You are resistant to torment.
You are immune to poison.
You are immune to rotting.
Your stone body is very resilient (AC +5).
You resist negative energy.
You are resistant to electric shocks.
You can survive without breathing.
You are immune to petrification.


Message History

Casting: Freeze
Confirm with . or Enter, or press ? or * to list all spells.
Aiming: Freeze
Press: ? - help, Shift-Dir - straight line, f/p - centaur warrior
Aim: a centaur warrior (almost dead)
You freeze the centaur warrior.
The centaur warrior is almost dead.
The centaur warrior hits you.
* * * LOW HITPOINT WARNING * * *
Unknown command.
Casting: Freeze
Confirm with . or Enter, or press ? or * to list all spells.
Aiming: Freeze
Press: ? - help, Shift-Dir - straight line, f/p - centaur warrior
Aim: a centaur warrior (almost dead)
You freeze the centaur warrior.
The centaur warrior is almost dead.
The centaur warrior hits you but does no damage.
The centaur warrior hits you!
You die...

▓)▓
▓'▓
▓)▓
▓.▓
▓.▓
▓.▓
▓.▓
▓.▓
▓@▓
▓c▓
▓.▓
▓%▓
▓.▓
▓.▓
▓.▓
▓+▓


You could see a centaur warrior.

Vanquished Creatures
  A deep elf mage (D)
  A yak (D)
  A hippogriff (D)
  A sky beast (D)
  A black bear (D)
  2 ogres (D)
  A crimson imp (D)
  A jelly (D)
  2 worker ants (D)
  A giant gecko (D)
  An orc (D)
  A giant cockroach (D)
  A goblin (D)
  A hobgoblin (D)
  A kobold (D)
  3 rats (D)
  A rat zombie (D)
21 creatures vanquished.

Notes
Turn   | Place    | Note
--------------------------------------------------------------
     0 | D        | MDvedh, the Gargoyle Monk, began the quest for the Orb.
     0 | D        | Reached XP level 1. HP: 14/14 MP: 1/1
    15 | D        | Reached skill level 5 in Unarmed Combat
    36 | D        | Noticed a jelly
    36 | D        | Noticed a sky beast
    40 | D        | Killed a jelly
    40 | D        | Reached skill level 5 in Fighting
    40 | D        | Reached skill level 6 in Unarmed Combat
    40 | D        | Reached XP level 2. HP: 18/22 MP: 2/2
    40 | D        | Reached XP level 3. HP: 21/27 MP: 3/3
    53 | D        | Killed a sky beast
    53 | D        | Reached skill level 8 in Fighting
    53 | D        | Reached XP level 4. HP: 21/36 MP: 4/4
    53 | D        | Reached XP level 5. HP: 23/40 MP: 5/5
   236 | D        | Found a glowing silver altar of Zin.
   236 | D        | Found a glowing golden altar of the Shining One.
   236 | D        | Found an ancient bone altar of Kikubaaqudgha.
   236 | D        | Found a basalt altar of Yredelemnul.
   236 | D        | Found a shimmering altar of Xom.
   236 | D        | Found a radiant altar of Vehumet.
   236 | D        | Found an iron altar of Okawaru.
   237 | D        | Found a burning altar of Makhleb.
   238 | D        | Found a deep blue altar of Sif Muna.
   239 | D        | Found a bloodstained altar of Trog.
   240 | D        | Found a sparkling altar of Nemelex Xobeh.
   241 | D        | Found a white marble altar of Elyvilon.
   242 | D        | Found a roughly hewn altar of Beogh.
   243 | D        | Found a viscous altar of Jiyva.
   244 | D        | Became a worshipper of Vehumet
   244 | D        | Acquired Vehumet's first power
   244 | D        | Offered knowledge of Freeze by Vehumet.
   247 | D        | Learned a level 1 spell: Freeze
   247 | D        | Found a corrupted altar of Lugonu.
   248 | D        | Found a blossoming altar of Fedhas.
   249 | D        | Found a snail-covered altar of Cheibriados.
   250 | D        | Found a shadowy altar of Dithmenos.
   251 | D        | Found a stormy altar of Qazlal.
   252 | D        | Found an opulent altar of Gozag.
   289 | D        | Got the +2,+2 halberd "Pozeseij" {chop, rC++}
   309 | D        | Noticed a crimson imp
   309 | D        | Noticed an ogre
   309 | D        | Noticed a black bear
   309 | D        | Noticed a worker ant
   312 | D        | Offered knowledge of Shock by Vehumet.
   322 | D        | Killed an ogre
   322 | D        | Reached skill level 9 in Fighting
   337 | D        | Killed a black bear
   337 | D        | Reached skill level 10 in Unarmed Combat
   337 | D        | Reached XP level 6. HP: 18/48 MP: 9/15
   343 | D        | Killed a worker ant
   343 | D        | Acquired Vehumet's second power
   343 | D        | Reached skill level 10 in Fighting
   344 | D        | Killed a crimson imp
   397 | D        | Learned a level 1 spell: Shock
   554 | D        | Noticed a deep elf mage
   554 | D        | Noticed a hippogriff
   554 | D        | Noticed an ogre
   554 | D        | Noticed a centaur warrior
   554 | D        | Noticed a worker ant
   554 | D        | Noticed a yak
   569 | D        | Killed an ogre
   569 | D        | Offered knowledge of Mephitic Cloud by Vehumet.
   569 | D        | Reached skill level 11 in Unarmed Combat
   569 | D        | Reached skill level 5 in Spellcasting
   569 | D        | Reached XP level 7. HP: 24/53 MP: 7/19
   573 | D        | Killed a deep elf mage
   573 | D        | Acquired Vehumet's third power
   576 | D        | Killed a worker ant
   583 | D        | Killed a yak
   583 | D        | Reached skill level 12 in Unarmed Combat
   585 | D        | Killed a hippogriff
   585 | D        | Reached XP level 8. HP: 14/60 MP: 18/23
   599 | D        | Slain by a centaur warrior

Action                   |  1- 3 |  4- 6 |  7- 9 || total
-------------------------+-------+-------+-------++-------
Melee: Unarmed           |    24 |    37 |     5 ||    66
 Cast: Shock             |       |    12 |    15 ||    27
       Freeze            |       |       |     6 ||     6
  Use: Potion            |     1 |     3 |     5 ||     9
